 Dungeon Crawl Stone Soup version 0.26.1-11-gd32895ea62 (webtiles) character file.

Game seed: 5607844172714320746

14 jlumianski the Stinger (level 2, 0/22 HPs)
             Began as a Naga Venom Mage on May 5, 2021.
             Slain by a leopard gecko (4 damage)
             ... on level 1 of the Dungeon.
             The game lasted 00:04:25 (931 turns).

jlumianski the Stinger (Naga Venom Mage)             Turns: 931, Time: 00:04:26

Health: 0/22       AC:  1    Str: 10    XL:     2   Next: 45%
Magic:  5/5        EV: 10    Int: 15    God:
Gold:   24         SH:  0    Dex: 11    Spells: 4/5 levels left

rFire    . . .     SeeInvis +   c - +0 dagger
rCold    . . .     Faith    .   (no shield)
rNeg     . . .     Spirit   .   a - +0 robe
rPois    +         Reflect  .   (no helmet)
rElec    .         Harm     .   (no cloak)
rCorr    .         Rampage  .   (no gloves)
Will     .....                  (no barding)
Stlth    ++........             (no amulet)
HPRegen  0.07/turn              (no ring)
MPRegen  0.09/turn              (no ring)

@: very slow
A: large, see invisible, deformed body, poison resistance, slowness 2, spit
poison 1, AC +0
a: Spit Poison


You were on level 1 of the Dungeon.
You visited 1 branch of the dungeon, and saw 1 of its levels.

You collected 24 gold pieces.

Inventory:

Hand Weapons
 b - a -2 dagger
 c - a +0 dagger (weapon)
Missiles
 f - 5 poisoned darts
 g - 2 stones
Armour
 a - a +0 robe (worn)
 j - a cursed +0 buckler
Jewellery
 h - a +4 ring of evasion {unknown}
Scrolls
 i - a scroll of identify {unknown}
Potions
 d - a potion of curing {unknown}
 e - a potion of invisibility {unknown}


   Skills:
 + Level 0.1 Fighting
 + Level 0.2 Short Blades
 + Level 1.9 Dodging
 + Level 3.0 Stealth
 + Level 2.1 Spellcasting
 + Level 1.2 Transmutations
 + Level 4.3 Poison Magic


You had 4 spell levels left.
You knew the following spells:

 Your Spells              Type           Power        Failure   Level
a - Sting                 Tmut/Pois      36%          7%          1

Your spell library contained the following spells:

 Spells                   Type           Power        Failure   Level
 Poisonous Vapours        Pois/Air       16%          14%         2
 Ignite Poison            Fire/Tmut/Pois 7%           30%         3
 Mephitic Cloud           Conj/Pois/Air  5%           36%         3
 Olgreb's Toxic Radiance  Pois           14%          36%         4


Dungeon Overview and Level Annotations

Branches:
Dungeon (1/15)

Altars:


Innate Abilities, Weirdness & Mutations

You cannot wear boots.
Your serpentine skin is tough. (AC +0)
You have supernaturally acute eyesight. (SInv)
Armour fits poorly on your strangely shaped body.
Your system is resistant to poisons. (rPois)
You cover ground very slowly.
You can spit poison.


Message History

Aiming: Sting (safe; 7% risk of failure)
Press: ? - help, Shift-Dir - straight line, f - hobgoblin
Aim: a hobgoblin, wielding a +0 club (32% to evade)
You miscast Sting.
You are very lightly contaminated with residual magic.
Nothing appears to happen.
A goblin comes into view. It is wielding a +0 dagger.
The hobgoblin closely misses you.
The leopard gecko bites you but does no damage.
The hobgoblin barely misses you. The leopard gecko bites you.
The hobgoblin closely misses you.
Your magical contamination has completely faded away.
The leopard gecko bites you. The leopard gecko misses you.
The hobgoblin hits you with a +0 club. The leopard gecko closely misses you.
The leopard gecko bites you. The leopard gecko bites you.
* * * LOW HITPOINT WARNING * * *
The leopard gecko bites you.
You die...

#'##### #..#.##.#..........#
#.....# ##.#.##.#....#####..
#####.#####.#....#........#.##
#.#...#.######.....##.#..####
#.#.#.#.# ###.#....#.#.....#
#.......# #.g.###..#.....#
####....####g### ##.###.#.#.#
#....>..#l# ##..##.....#
#####...###.#@# #......#.###
#...........#.# #.#...)#.#
#...........#.#####.##...#.#
#...........#.....#.##...#.###
#.....†.....#####.#.###......#
#...........#####...###..###.#
####....................># #.#
#.#######################..
#.# #.............#.#


You could see a leopard gecko, a hobgoblin and a goblin.

Vanquished Creatures
  3 bats (D:1)
  A giant cockroach (D:1)
  2 hobgoblins (D:1)
  4 kobolds (D:1)
  5 rats (D:1)
15 creatures vanquished.

Notes
Turn   | Place    | Note
-------+----------+-------------------------------------------
     0 | D:1      | jlumianski the Naga Venom Mage began the quest for the Orb.
     0 | D:1      | Reached XP level 1. HP: 15/15 MP: 3/3
   453 | D:1      | Reached XP level 2. HP: 22/22 MP: 5/5
   931 | D:1      | Slain by a leopard gecko

Illustrated notes

Levels and vault maps discovered:
D:1:      lightli_arrival_statuegarden, layout_basic

Action                   || total
-------------------------++-------
Melee: Dagger            ||    16
       Unarmed           ||     1
 Cast: Sting             ||    15
  Use: Scroll            ||     2
 Stab: Sleeping          ||     2
Armor: Robe              ||     7
Dodge: Dodged            ||    23
